 Dungeon Crawl Stone Soup version 0.19.4-8-ga85b6b9 (webtiles) character file.

2402 Jerry the Blocker (level 9, -1/65 HPs)
             Began as a Formicid Fighter on Feb 8, 2017.
             Killed from afar by an electric eel (3 damage)
             ... with a bolt of electricity
             ... on level 7 of the Dungeon.
             The game lasted 00:18:24 (5906 turns).

Jerry the Blocker (Formicid Fighter)                Turns: 5906, Time: 00:18:24

Health: -1/65      AC: 14    Str: 25    XL:     9   Next: 75%
Magic:  0/9        EV: 12    Int: 10    God:
Gold:   211        SH: 12    Dex:  8    Spells: 0 memorised, 8 levels left

rFire  + . .     SeeInvis +     D - +2 spear of Twilight {elec, *Slow rPois rC- SInv}
rCold  x . .     Gourm    .     g - +4 scale mail {rF+}
rNeg   . . .     Faith    .     c - +0 shield
rPois  +         Spirit   +     (helmet unavailable)
rElec  +         Reflect  .     F - +1 cloak of Qazlal's Esteem {rElec Str+3}
rCorr  .         Harm     .     (no gloves)
MR     .....                    (no boots)
Stlth  ..........               E - amulet of guardian spirit
                                (no ring)
                                (no ring)

@: no status effects
A: permanent stasis, dig shafts and tunnels, four strong arms, antennae 3,
repulsion field 1, iridescent scales 1, rugged brown scales 1, clumsy 1,
deformed body, mutation resistance 1
a: Dig, Shaft Self


You were on level 7 of the Dungeon.
You were very hungry.

You visited 1 branch of the dungeon, and saw 8 of its levels.

You collected 458 gold pieces.
You spent 247 gold pieces at shops.

Inventory:

Hand Weapons
 a - a +1 war axe
 D - the +2 spear of Twilight (weapon) {elec, *Slow rPois rC- SInv}
   (You found it on level 4 of the Dungeon)

   Occasionally, upon striking a foe, it will discharge some electrical energy
   and cause terrible harm.
   It makes you vulnerable to cold.
   It protects you from poison.
   It lets you see invisible.
   It may slow you when you take damage.
Armour
 b - a +0 scale mail
 c - a +0 shield (worn)
 g - a +4 scale mail of fire resistance (worn)
 F - the +1 cloak of Qazlal's Esteem (worn) {rElec Str+3}
   (You bought it in a shop on level 4 of the Dungeon)

   It affects your strength (+3).
   It insulates you from electricity.
Jewellery
 E - an amulet of guardian spirit (around neck)
Wands
 n - a wand of lightning (2/15)
 z - a wand of flame (22/48)
Scrolls
 d - a scroll of fog
 e - 3 scrolls of identify
 j - 4 scrolls of remove curse
 l - 2 scrolls of magic mapping
Potions
 h - 2 potions of magic
 m - 3 potions of brilliance
 p - 4 potions of curing
 v - a potion of cancellation
 w - 2 potions of lignification
Books
 H - a book of Maledictions

   Spells                             Type                      Level
   a - Corona                         Hexes                        1
   b - Ensorcelled Hibernation        Hexes/Ice                    2
   c - Confuse                        Hexes                        3
   d - Tukima's Dance                 Hexes                        3
   e - Dazzling Spray                 Conjuration/Hexes            3
Comestibles
 f - 4 bread rations
 r - 2 royal jellies
 B - 5 meat rations


   Skills:
 + Level 3.2 Fighting
 * Level 7.1 Axes
 + Level 8.2 Armour
 - Level 10.0 Shields


You had 8 spell levels left.
You didn't know any spells.

Dungeon Overview and Level Annotations

Branches:
Dungeon (8/15)
 Temple: D:4-7         Lair: D:8-11

Altars:
Fedhas
Okawaru
Qazlal

Shops:
D:4 *


Innate Abilities, Weirdness & Mutations

You are under a permanent stasis effect.
You can dig through walls and to a lower floor.
Your four strong arms can wield two-handed weapons with a shield.
You have a pair of large antennae on your head. (SInv)
You are surrounded by a mild repulsion field. (EV +2)
You are partially covered in iridescent scales. (AC +2)
You are partially covered in rugged brown scales. (AC +1, +3% HP)
You are clumsy. (Dex -2)
Armour fits poorly on your strangely shaped body.
You are somewhat resistant to further mutation.


Message History

* * * LOW HITPOINT WARNING * * *
The electric eel shoots out a bolt of lightning at you!
The bolt of electricity hits the electric eel.
The electric eel completely resists.
The bolt of electricity misses you.
There is a stone staircase leading down here.
The electric eel shoots out a bolt of lightning at you!
The bolt of electricity hits you! You resist.
* * * LOW HITPOINT WARNING * * *
The bolt of electricity hits you! You resist.
The bolt of electricity hits the electric eel.
The electric eel completely resists.
The electric eel shoots out a bolt of lightning at you!
The bolt of electricity hits the electric eel.
The electric eel completely resists.
The bolt of electricity hits you! You resist.
The electric eel shoots out a bolt of lightning at you!
The bolt of electricity hits you! You resist.
The electric eel shoots out a bolt of lightning at you!
The bolt of electricity hits you! You resist.
You die...

#..#.#########.#
#..#<....... #.#
#.^..####### #.#
#.......... #.#
################.#
#................#
#.################
#####.# . #...#@#
.. #...# .≈≈##÷.J#
##w≈≈#;{≈≈.##.### #
≈≈≈;≈≈##≈;{#...##
#≈#≈≈≈≈..≈≈≈;;>...#
.≈≈≈≈≈...≈≈≈≈≈.#..#
≈ ≈≈≈≈≈..≈≈≈≈;≈#..#
≈≈≈ ≈≈≈?≈#≈≈≈≈≈≈.##


You could see a jelly and 3 electric eels.

Vanquished Creatures
  The ghost of emsyzz the Thaumaturge, a novice DEFE of Vehumet (D:6)
  Prince Ribbit (D:7)
  Sigmund (D:2)
  The ghost of emsyzz the Firebug, an amateur DEFE (D:3)
  2 orc warriors (D:6)
  3 sky beasts
  An ice beast (D:7)
  Blork the orc (D:6)
  2 scorpions
  2 howler monkeys (D:6)
  3 crimson imps
  2 bullfrog zombies
  A hound (D:5)
  3 orc wizards
  A bullfrog skeleton (D:5)
  Ijyb (D:3)
  Jessica (D:2)
  An iguana (D:4)
  Terence (D:2)
  A worker ant (D:6)
  A killer bee zombie (D:6)
  Robin (D:2)
  4 gnolls (D:3)
  10 adders
  An adder zombie (D:5)
  2 worms
  7 dart slugs
  7 leopard geckos
  13 orcs
  3 ball pythons
  10 giant cockroaches
  22 goblins
  6 hobgoblins
  10 jackals
  2 quokkas
  6 bats
  4 frilled lizards
  A jackal skeleton (D:5)
  8 kobolds
  A leopard gecko zombie (D:5)
  6 rats
155 creatures vanquished.

Vanquished Creatures (others)
  An adder (D:7)
  An orc (D:3)
2 creatures vanquished.

Grand Total: 157 creatures vanquished

Notes
Turn   | Place    | Note
-------+----------+-------------------------------------------
     0 | D:1      | Jerry the Formicid Fighter began the quest for the Orb.
     0 | D:1      | Reached XP level 1. HP: 18/18 MP: 1/1
   200 | D:1      | Reached XP level 2. HP: 24/24 MP: 2/2
   366 | D:1      | Reached skill level 4 in Shields
   553 | D:1      | Reached XP level 3. HP: 24/29 MP: 3/3
   810 | D:2      | Noticed Robin
   920 | D:1      | Reached XP level 4. HP: 35/35 MP: 4/4
   965 | D:2      | Noticed Terence
   979 | D:2      | Killed Robin
   986 | D:2      | Killed Terence
   986 | D:2      | Reached skill level 5 in Shields
  1057 | D:2      | Noticed Jessica
  1063 | D:2      | Killed Jessica
  1063 | D:2      | Reached XP level 5. HP: 41/41 MP: 5/5
  1145 | D:2      | Found a blossoming altar of Fedhas.
  1439 | D:2      | Noticed Sigmund
  1560 | D:2      | Found a stormy altar of Qazlal.
  2205 | D:2      | Killed Sigmund
  2205 | D:2      | Reached skill level 5 in Armour
  2205 | D:2      | Reached skill level 6 in Shields
  2205 | D:2      | Reached XP level 6. HP: 42/47 MP: 6/6
  2227 | D:3      | Reached XP level 7. HP: 41/52 MP: 7/7
  2385 | D:3      | Noticed emsyzz's ghost (amateur DEFE)
  2409 | D:3      | Killed emsyzz's ghost
  2409 | D:3      | Reached skill level 7 in Shields
  2487 | D:3      | Noticed Ijyb
  2505 | D:3      | Killed Ijyb
  3269 | D:4      | Found Hiopauc's Assorted Antiques.
  3589 | D:4      | Got an ichor-stained spear
  3590 | D:4      | Identified the +2 spear of Twilight {elec, *Slow rPois rC- SInv} (You found it on level 4 of the Dungeon)
  3817 | D:4      | Reached XP level 8. HP: 58/58 MP: 8/8
  3861 | D:4      | Gained mutation: You are somewhat resistant to further mutation. [mutagenic meat]
  3864 | D:4      | Gained mutation: You are partially covered in rugged brown scales. (AC +1, +3% HP) [mutagenic meat]
  3978 | D:4      | Bought a polished cloak for 247 gold pieces
  3983 | D:4      | Identified the +1 cloak of Qazlal's Esteem {rElec Str+3} (You bought it in a shop on level 4 of the Dungeon)
  3992 | D:5      | Entered Level 5 of the Dungeon
  4065 | D:5      | Reached skill level 5 in Axes
  4082 | D:5      | Reached skill level 8 in Shields
  4379 | D:5      | Gained mutation: Armour fits poorly on your strangely shaped body. [potion of mutation]
  4380 | D:5      | Gained mutation: Scrolls take you a little longer to read. [potion of mutation]
  4499 | D:6      | Found an iron altar of Okawaru.
  4535 | D:6      | Noticed emsyzz's ghost (novice DEFE)
  4549 | D:6      | Killed emsyzz's ghost
  4549 | D:6      | Reached skill level 9 in Shields
  4549 | D:6      | Reached XP level 9. HP: 49/65 MP: 6/9
  4580 | D:6      | Gained mutation: You are partially covered in iridescent scales. (AC +2) [mutagenic meat]
  4681 | D:6      | Noticed Blork the orc
  4692 | D:6      | Killed Blork the orc
  4943 | D:6      | Gained mutation: You are clumsy. (Dex -2) [mutagenic meat]
  4944 | D:6      | Lost mutation: Scrolls take you a little longer to read. [mutagenic meat]
  4945 | D:6      | Gained mutation: You are surrounded by a mild repulsion field. (EV +2) [mutagenic meat]
  5188 | D:7      | Noticed Prince Ribbit
  5670 | D:7      | Killed Prince Ribbit
  5670 | D:7      | Reached skill level 10 in Shields
  5898 | D:8      | Noticed a two-headed ogre
  5902 | D:7      | HP: 1/65 [electric eel/bolt of electricity (3)]
  5906 | D:7      | Killed from afar by an electric eel

Skill      XL: |  1  2  3  4  5  6  7  8  9 |
---------------+----------------------------+-----
Shields        | 4 5 6 7 9 10 | 10.0
Armour         | 4 5 7 8 |  8.2
Axes           | 3 4 6 7 |  7.1
Fighting       | |  3.2

Action                   |  1- 3 |  4- 6 |  7- 9 || total
-------------------------+-------+-------+-------++-------
Melee: War axe           |    84 |   155 |   145 ||   384
       Spear             |       |       |   245 ||   245
  Use: Potion            |       |     1 |     3 ||     4
       Scroll            |       |       |    21 ||    21
  Eat: Chunk             |       |     5 |    26 ||    31
Armor: Scale mail        |    49 |    73 |   102 ||   224
Dodge: Dodged            |    20 |    70 |    90 ||   180
Block: Shield            |    51 |    79 |   175 ||   305
